 Dungeon Crawl Stone Soup version 0.30-a0-879-ga8ba668304 (webtiles) character file.

Game seed: 17294799787316055309

383 ragingrage the Chopper (level 6, -2/51 HPs)
             Began as a Hill Orc Artificer on Mar 13, 2023.
             Slain by a mummy (11 damage)
             ... in an ossuary.
             The game lasted 00:04:30 (3563 turns).

ragingrage the Chopper (Hill Orc Artificer)         Turns: 3563, Time: 00:04:30

Health: -2/51      AC:  9    Str: 17    XL:     6   Next: 76%
Magic:  6/6        EV: 10    Int: 11    God:
Gold:   174        SH:  0    Dex: 11    Spells: 5/5 levels left

rFire   . . .      SeeInvis .    b - +2 whip (flame)
rCold   . . .      Faith    .    (no shield)
rNeg    . . .      Spirit   .    j - +0 ring mail
rPois   .          Reflect  .    (no helmet)
rElec   .          Rampage  .    (no cloak)
rCorr   .                        (no gloves)
Will    .....                    (no boots) Stlth
                                 (no amulet)
HPRegen 0.28/turn                w - +4 ring of protection
MPRegen 0.10/turn                (no ring)

@: confused, brilliant, ambrosia-drunk, flying
A: no striking features
a: no special abilities


You were in an ossuary.
You visited 1 branch of the dungeon, and saw 5 of its levels.
You also visited: Ossuary.

You collected 174 gold pieces.

Inventory:

Hand Weapons
 a - a +0 shortbow
 b - a +2 whip of flaming (weapon)
 q - a +0 club
Missiles
 m - 4 boomerangs
Armour
 j - a +0 ring mail (worn)
Jewellery
 n - a ring of fire
 w - a +4 ring of protection (left hand)
Wands
 c - a wand of flame (11) (quivered)
 d - a wand of charming (13)
 e - a wand of iceblast (5)
Scrolls
 f - a scroll of enchant armour {unknown}
 g - 2 scrolls of brand weapon {unknown}
 h - 3 scrolls of identify {unknown}
 i - a scroll of butterflies {unknown}
 l - a scroll of torment {unknown}
 o - 2 scrolls of blinking {unknown}
 s - 2 scrolls of noise {unknown}
 t - a scroll of fear {unknown}
 u - a scroll of magic mapping {unknown}
 x - a scroll of teleportation {unknown}
Potions
 k - a potion of brilliance
 p - 2 potions of flight
 r - a potion of ambrosia
 v - a potion of attraction {unknown}


   Skills:
 - Level 3.5 Fighting
 + Level 5.7(6.0) Axes
 - Level 2.0(3.6) Maces & Flails
 - Level 2.1 Armour
 - Level 0.7 Dodging
 - Level 3.0 Stealth
 - Level 3.0 Evocations


You had 5 spell levels left.
You didn't know any spells.
Your spell library contained the following spells:

 Spells                   Type           Power      Damage    Failure   Level
 Ignite Poison            Fire/Tmut/Pois 0%         N/A       88%         3
 Inner Flame              Hex/Fire       0%         N/A       88%         3
 Flame Wave               Conj/Fire      0%         2d4       99%         4
 Sticky Flame             Conj/Fire      0%         2d3       99%         4
 Ignition                 Fire           0%         3d3       100%        8


Dungeon Overview and Level Annotations

Branches:
Dungeon (5/15)            Ossuary (1/1)
 Temple: D:4-7

Altars:
Xom

Shops:
D:4 :

Annotations:
D:3 Grinder


Message History

As you open the door, it creaks loudly!
Found a sand-covered staircase.
There is an open door here.
There is a sand-covered staircase here.
The world spins around you as you enter the gateway.
You enter an ossuary!
Found a gate leading back out of this place.
There is an empty arch of ancient stone here.
There are monsters nearby!
There are monsters nearby!
There is a gate leading back out of this place here.
You open the door.
An adder zombie and a goblin zombie come into view.
You close the door.
The mummy hits you! The mummy misses you.
The mummy hits you but does no damage.
There is a gate leading back out of this place here.
You hit the mummy but do no damage. You barely miss the mummy.
The mummy hits you but does no damage. The mummy hits you. The mummy hits you!
You hit the mummy. You burn the mummy. The mummy hits you.
The mummy closely misses you.
You hit the mummy. You burn the mummy. The mummy hits you but does no damage.
It was a potion of flight.
You feel very buoyant.
You fly up into the air.
The mummy hits you!
* * * LOW HITPOINT WARNING * * *
The mummy hits you.
* * * LOW HITPOINT WARNING * * *
The mummy hits you.
* * * LOW HITPOINT WARNING * * *
Unknown command.
It was a potion of brilliance.
You feel clever all of a sudden.
Unknown command.
Unknown command.
It was a potion of ambrosia.
You are confused.
You feel invigorated. The mummy hits you!
You die... ####### #.#.#.# #.....# #...# #.∩.# #MMM#

#.@.#
#...#
##+##
...
#...#
Z...Z
##...##
#...#
#...#


You could see 3 mummies.

Vanquished Creatures
  A scorpion (D:4)
  4 crimson imps (D:4)
  A hound (D:4)
  4 adders
  2 worms (D:3)
  3 dart slugs
  5 orcs
  12 ball pythons
  8 bats
  8 endoplasms
  3 giant cockroaches
  6 goblins
  7 hobgoblins
  5 jackals
  3 quokkas
  5 frilled lizards
  4 kobolds
  4 rats
85 creatures vanquished.

Vanquished Creatures (collateral kills)
  An orc priest (D:4)
1 creature vanquished.

Vanquished Creatures (others)
  An orc (D:4)
  A jackal (D:1)
2 creatures vanquished.

Grand Total: 88 creatures vanquished

Notes
Turn   | Place    | Note
-------+----------+-------------------------------------------
     0 | D:1      | ragingrage the Hill Orc Artificer began the quest for the
                  | Orb.
     0 | D:1      | Reached XP level 1. HP: 16/16 MP: 1/1
   213 | D:1      | Reached XP level 2. HP: 18/25 MP: 2/2
   619 | D:1      | Reached XP level 3. HP: 31/31 MP: 3/3
   874 | D:1      | Reached skill level 1 in Stealth
  1601 | D:2      | Reached XP level 4. HP: 38/38 MP: 4/4
  2402 | D:3      | Noticed Grinder
  2451 | D:4      | Found Qyn Avabug's Book Shoppe.
  2521 | D:4      | Reached skill level 1 in Maces & Flails
  2521 | D:4      | Reached XP level 5. HP: 44/45 MP: 5/5
  2720 | D:4      | Reached skill level 3 in Axes
  3034 | D:4      | Reached XP level 6. HP: 48/51 MP: 6/6
  3086 | D:4      | Found a shimmering altar of Xom.
  3175 | D:4      | Reached skill level 4 in Axes
  3191 | D:4      | Reached skill level 5 in Axes
  3499 | D:5      | Entered Level 5 of the Dungeon
  3541 | D:5      | Found a sand-covered staircase.
  3547 | Ossuary  | Entered an ossuary
  3563 | Ossuary  | Slain by a mummy

Illustrated notes

Levels and vault maps discovered:
D:1:      mrwooster_arrival_arrow, layout_basic, hangedman_decor_growths
D:2:      layout_rooms
D:3:      layout_basic, chequers_serial_rivers_small_a, uniq_grinder
D:4:      layout_loops_ring, led_xom_imps, serial_shops, nicolae_stop_n_shop_1,
          serial_bayou_pond_d
D:5:      layout_cave_pools, nicolae_ossuary_entry_plus, uniq_blork_the_orc,
          uniq_crazy_yiuf_cottage
Ossuary:  ossuary_minmay_chase

Skill      XL: |  1  2  3  4  5  6 |
---------------+-------------------+-----
Fighting       | 2 3 |  3.5
Stealth        | 2 3 |  3.0
Maces & Flails | 1 2 |  2.0
Axes           | 3 5 |  5.7
Armour         | |  2.1
Dodging        | |  0.7
Evocations     | |  3.0

Action                     |  1- 3 |  4- 6 || total
---------------------------+-------+-------++-------
  Melee: Club              |   101 |       ||   101
         Whip              |    60 |    90 ||   150
         Punch             |     2 |     1 ||     3
         Mace              |       |   109 ||   109
   Fire: Sling             |    21 |    18 ||    39
         Shortbow          |       |     1 ||     1
  Evoke: Wand              |     3 |     3 ||     6
    Use: Potion            |       |     3 ||     3
   Stab: Sleeping          |     1 |       ||     1
 Armour: Leather armour    |    13 |       ||    13
         Ring mail         |    93 |    91 ||   184
  Dodge: Dodged            |   149 |    95 ||   244

Table legend: (Time is in decaauts)
 A = Elapsed time spent in this place.
 B = Non-inter-level travel time spent in this place.
 C = Inter-level travel time spent in this place.
 D = Time resting spent in this place.
 E = Time spent auto-exploring this place.
 F = Levels seen in this place.
 G = Mean time per level.
                   A        B        C        D        E       F      G
               +--------+--------+--------+--------+--------+-----+--------+
         Total |   3650 |   3499 |    151 |    314 |   2220 |   6 |  608.3 |
       Dungeon |   3635 |   3484 |    151 |    314 |   2220 |   5 |  727.0 |
       Ossuary |     15 |     15 |      0 |      0 |      0 |   1 |   15.0 |
               +--------+--------+--------+--------+--------+-----+--------+

Top non-repeatable levels by time:
     D:1: 1227 daAuts
     D:4: 1073 daAuts
     D:3: 786 daAuts
     D:2: 500 daAuts
     D:5: 47 daAuts
 Ossuary: 15 daAuts
